 Dungeon Crawl Stone Soup version 0.28.0-45-g0d030f2227 (webtiles) character file.

Game seed: 183257374132608094

109 zeratav the Insei (level 4, -1/29 HPs)
             Began as an Octopode Transmuter on Apr 8, 2022.
             Killed from afar by an orc wizard (9 damage)
             ... with a magic dart
             ... on level 3 of the Dungeon.
             The game lasted 00:03:45 (2203 turns).

zeratav the Insei (Octopode Transmuter)             Turns: 2203, Time: 00:03:46

Health: -1/29      AC:  1    Str:  9    XL:     4   Next: 89%
Magic:  7/7        EV: 13    Int: 15    God:
Gold:   86         SH:  0    Dex: 14    Spells: 6/7 levels left

rFire   . . .      SeeInvis +     - Unarmed
rCold   . . .      Faith    .   (no shield)
rNeg    . . .      Spirit   .   (helmet currently unavailable)
rPois   .          Reflect  .   (no amulet)
rElec   .          Harm     .   d - ring of see invisible
rCorr   .          Rampage  .   n - ring of flight
Will    .....                   (no ring)
Stlth   +++.......              (no ring)
HPRegen 0.09/turn               (no ring)
MPRegen 0.10/turn               (no ring)
                                (no ring)
                                (no ring)

@: appendages (expiring), flying
A: tentacle spike 3, almost no armour, amphibious, 8 rings, camouflage 1,
gelatinous body 1, (nimble swimmer 1), tentacles
a: End Transformation


You were on level 3 of the Dungeon.
One of your tentacles had grown a beastly spike.
You visited 1 branch of the dungeon, and saw 3 of its levels.

You collected 86 gold pieces.


Innate Abilities, Weirdness & Mutations

One of your tentacles has grown a beastly spike.
You cannot wear most types of armour.
You are amphibious.
You can wear up to eight rings at the same time.
Your skin changes colour to match your surroundings (Stealth+).
Your rubbery body absorbs attacks. (AC +1, EV +1)
((You are camouflaged when in or above water. (Stealth+)))
You have tentacles for arms and can constrict up to eight enemies at once.


   Skills:
 + Level 2.1 Fighting
 + Level 2.7 Dodging
 + Level 2.6 Stealth
 * Level 4.1 Unarmed Combat
 - Level 2.0 Spellcasting
 - Level 2.0 Transmutations


You had 6 spell levels left.
You knew the following spells:

 Your Spells              Type           Power      Damage    Failure   Level
a - Beastly Appendage     Tmut           14%        N/A       10%         1

Your spell library contained the following spells:

 Spells                   Type           Power      Damage    Failure   Level
 Wereblood                Tmut           7%         N/A       14%         2
 Spider Form              Tmut/Pois      4%         N/A       41%         3
 Ice Form                 Ice/Tmut       4%         N/A       82%         4

Inventory:

Jewellery
 d - a ring of see invisible (left tentacle)
   (You found it on level 1 of the Dungeon)
 n - a ring of flight (right tentacle)
   (You found it on level 3 of the Dungeon)
Scrolls
 a - 6 scrolls of identify {unknown}
 c - 4 scrolls of teleportation {unknown}
 g - a scroll of blinking {unknown}
 j - a scroll of vulnerability {unknown}
 k - a scroll of noise {unknown}
 m - a scroll of enchant armour {unknown}
Potions
 b - a potion of brilliance {unknown}
 e - a potion of flight {unknown}
 f - a potion of might {unknown}
 h - 2 potions of haste {unknown}
 i - a potion of mutation {unknown}
 l - a potion of magic {unknown}

Dungeon Overview and Level Annotations

Branches:
Dungeon (3/15)

Altars:

.. ..# .. ##.###
#...<#########
..≈≈^##..[......####
#≈≈ ######..).....#
≈ ###..########
#)@.## ..<...o###
....... .######


You could see an orc wizard.


Message History

No target in view!
No target in view!
No target in view!
No target in view!
Your tentacle spike disappears.
m - a scroll labelled AFAPRE AXZYA HP[+1]
Your hp is fully restored (29).
You now have 71 gold pieces (gained 8).
a - 6 scrolls labelled SIMOK DIEK GEI (gained 1)
There is a stone staircase leading up here.
A ball python comes into view.
One of your tentacles grows a vicious spike.
MP[-1]
You lost 1 mp, and now have 6/7 mp.
The ball python hisses angrily.
You barely miss the ball python. You grab the ball python.
You constrict the ball python. The ball python bites you.
The ball python barely misses you.
HP[-3]
You take 3 damage, and now have 26/29 hp.
You tentacle-slap the ball python.
You kill the ball python!
Your transformation is almost over.
No target in view!
No target in view!
No target in view!
No target in view!
No target in view!
No target in view!
No target in view!
No target in view!
No target in view!
No target in view!
Your tentacle spike disappears.
Done exploring.
HP[+3] MP[+1]
Your hp is fully restored (29).
Your mp is fully restored (7).
Done exploring.
(D) Dungeon
Where to? (Enter - D:2 @ (x,y), ? - help)
There is a stone staircase leading down here.
You climb downwards.
You hear the sound of rushing water.
There is an entrance to a sewer on this level.
Hurry and find it before the portal rusts away!
There is a stone staircase leading up here.
n - a ring of flight You see here a +0 chain mail.
You fly up into the air.
n - a ring of flight (right tentacle)
An orc wizard comes into view. It is wielding a +0 dagger.
You see here 15 gold pieces.
You now have 86 gold pieces (gained 15).
An orc comes into view. It is wielding a +0 club.
An orc comes into view. It is wielding a +0 club.
The orc shouts! x2; The orc wizard shouts!
One of your tentacles grows a vicious spike.
MP[-1]
You lost 1 mp, and now have 6/7 mp.
Found a stone staircase leading up.
Your transformation is almost over.
You tentacle-slap the orc but do no damage.
Your grab misses the orc. The orc hits you with a +0 club. x2
HP[-5]
You take 5 damage, and now have 24/29 hp.
You barely miss the orc. Your grab misses the orc.
The orc hits you with a +0 club. x2
HP[-7]
You take 7 damage, and now have 17/29 hp.
MASSIVE DAMAGE!! (PAUSE)
You barely miss the orc. You grab the orc.
You pierce the orc, but do no damage.
You squeeze the orc. You constrict the orc. The orc hits you with a +0 club.
* * * LOW HITPOINT WARNING * * *
The orc hits you with a +0 club.
* * * LOW HITPOINT WARNING * * *
HP[-6]
You take 6 damage, and now have 11/29 hp.
MASSIVE DAMAGE!! (PAUSE)
You tentacle-slap the orc but do no damage.
Your tentacle spike misses the orc.
You constrict the orc, but do no damage.
The orc misses you. The orc hits you with a +0 club.
* * * LOW HITPOINT WARNING * * *
HP[-1]
You take 1 damage, and now have 10/29 hp.
You barely miss the orc. You squeeze the orc.
You kill the orc!
You barely miss the orc. You grab the orc. You constrict the orc.
The orc hits you with a +0 club.
* * * LOW HITPOINT WARNING * * *
HP[-2]
You take 2 damage, and now have 8/29 hp.
You tentacle-slap the orc. You constrict the orc. The orc misses you.
You tentacle-slap the orc but do no damage.
You pierce the orc.
You squeeze the orc.
You kill the orc!
The orc wizard casts a spell at you. The magic dart hits you!
You die...

Skill      XL: |  1  2  3  4 |
---------------+-------------+-----
Stealth        | 1 2 |  2.6
Fighting       | 2 |  2.1
Unarmed Combat | 4 |  4.1
Dodging        | |  2.7
Spellcasting   | |  2.0
Transmutations | |  2.0

Action                   |  1- 3 |  4- 6 || total
-------------------------+-------+-------++-------
Melee: Unarmed           |    69 |    42 ||   111
       Kick              |    11 |    17 ||    28
       Constrict         |    18 |    13 ||    31
       Tentacles         |     9 |    12 ||    21
       Punch             |     4 |     3 ||     7
 Cast: Beastly Appendage |    16 |    11 ||    27
 Stab: Sleeping          |     8 |     4 ||    12
Armor: Skin              |     6 |     2 ||     8
Dodge: Dodged            |    40 |    23 ||    63

Levels and vault maps discovered:
D:1:      psy_arrival_spokes, layout_basic, shapermc_ecumenical_altar_acropolis
D:2:      layout_basic
D:3:      layout_rooms, portal_sewer_entry_d, serial_rivers,
          chequers_serial_rivers_micro_c, chequers_serial_rivers_small_b,
          chequers_serial_rivers_micro_b, chequers_serial_rivers_room_b,
          chequers_serial_rivers_micro_d, uniq_ijyb, uniq_robin

Notes
Turn   | Place    | Note
-------+----------+-------------------------------------------
     0 | D:1      | zeratav the Octopode Transmuter began the quest for the
                  | Orb.
     0 | D:1      | Reached XP level 1. HP: 13/13 MP: 3/3
     0 | D:1      | magus.rc [v1.9.6]
   233 | D:1      | Reached XP level 2. HP: 15/18 MP: 3/5
   297 | D:1      | Reached skill level 1 in Stealth
   814 | D:1      | Reached XP level 3. HP: 23/23 MP: 4/6
   982 | D:1      | Found a faded altar of an unknown god.
  1514 | D:2      | Reached skill level 2 in Stealth
  1514 | D:2      | Reached XP level 4. HP: 20/29 MP: 7/7
  1985 | D:2      | Reached skill level 2 in Fighting
  1994 | D:2      | Reached skill level 4 in Unarmed Combat
  2203 | D:3      | Killed from afar by an orc wizard

Vanquished Creatures
  5 adders (D:2)
  2 worms (D:2)
  3 dart slugs
  2 orcs (D:3)
  4 bats
  2 endoplasms (D:2)
  5 giant cockroaches
  A goblin (D:1)
  7 hobgoblins
  4 jackals
  3 kobolds
  3 quokkas (D:1)
  9 ball pythons
  A rat (D:1)
51 creatures vanquished.

Table legend:
 A = Non-vault XP
 B = Vault XP
 C = Vault XP percentage of total XP
 D = Non-vault monster count
 E = Vault monster count
 F = Vault count percentage of total count
                 A         B        C        D         E       F
            +---------+---------+-------+---------+---------+-------
      Total |     159 |       0 |   0.0 |      51 |       0 |   0.0
            +---------+---------+-------+---------+---------+-------
        D:1 |      44 |       0 |   0.0 |      23 |       0 |   0.0
        D:2 |     109 |       0 |   0.0 |      26 |       0 |   0.0
        D:3 |       6 |       0 |   0.0 |       2 |       0 |   0.0
            +---------+---------+-------+---------+---------+-------

Illustrated notes

Table legend:
 A = Kills in this place as a percentage of kills in entire the game.
 B = Kills by you in this place as a percentage of kills by you in the entire game.
 C = Kills by friends in this place as a percentage of kills by friends in the entire game.
 D = Other kills in this place as a percentage of other kills in the entire game.
 E = Experience gained in this place as a percentage of experience gained in the entire game.
 F = Experience gained in this place divided by the number of levels of this place that you have seen.
                   A       B       C       D       E      F
               +-------+-------+-------+-------+-------+----------------------
         Total | 100.0 | 100.0 |   N/A |   N/A | 100.0 |  53.0
       Dungeon | 100.0 | 100.0 |   N/A |   N/A | 100.0 |  53.0
               +-------+-------+-------+-------+-------+----------------------

Table legend: (Time is in decaauts)
 A = Elapsed time spent in this place.
 B = Non-inter-level travel time spent in this place.
 C = Inter-level travel time spent in this place.
 D = Time resting spent in this place.
 E = Time spent auto-exploring this place.
 F = Levels seen in this place.
 G = Mean time per level.
                   A        B        C        D        E       F      G
               +--------+--------+--------+--------+--------+-----+--------+
         Total |   2194 |   2141 |     53 |      0 |   1808 |   3 |  731.3 |
       Dungeon |   2194 |   2141 |     53 |      0 |   1808 |   3 |  731.3 |
               +--------+--------+--------+--------+--------+-----+--------+

Top non-repeatable levels by time:
     D:1: 1312 daAuts
     D:2: 862 daAuts
     D:3: 19 daAuts
